 Dungeon Crawl Stone Soup version 0.32-a0-329-ge6c31236d6 (webtiles) character file.

Game seed: 13167375940122774174

715 Xavori the Trooper (level 8, -2/58 HPs)
             Began as a Djinni Chaos Knight on Feb 16, 2024.
             Was a Plaything of Xom.
             Slain by a river rat (10 damage)
             ... on level 4 of the Dungeon.
             The game lasted 00:04:35 (13420 turns).

Xavori the Trooper (Djinni Chaos Knight)           Turns: 13420, Time: 00:04:37

Health: -2/58      AC: -17   Str: 15      XL:     8   Next: 1%
Gold:   184        EV: 12    Int: 13 (14) God:    Xom [...*..] SH:  0 Dex:  9 (11)

rFire   + + .        a - +0 falchion (chaos)
rCold   x . .        (no shield)
rNeg    . . .        b - +2 leather armour
rPois   ∞            u - +0 helmet
rElec   +            j - scarf {shadows}
rCorr   .            (no gloves)
SInv    .            (boots unavailable)
Will    .....        (no amulet)
Stlth   +            (no ring)
HPRegen 1.09/turn    (no ring)
MPRegen 0.00/turn

%: clarity, infuse magic (-3 HP)
@: corroded, flying
A: sickness immunity, fire resistance 2, cold vulnerability 1, float, innate
caster, HP casting, extra vitality 1, clarity, clumsy 1, deterioration 1,
regeneration 1, electricity resistance, strong 1, evolution 1, inability to read
after injury 1, sturdy frame 1, persistent drain
a: Renounce Religion


You were on level 4 of the Dungeon.
You worshipped Xom.
You were a favourite toy of Xom.
You visited 1 branch of the dungeon, and saw 4 of its levels.

You collected 184 gold pieces.

Inventory:

Hand Weapons
 a - a +0 falchion of chaos (weapon)
 k - a +0 triple sword
Armour
 b - a +2 leather armour (worn)
 j - a scarf of shadows (worn)
 u - a +0 helmet (worn)
Wands
 t - a wand of roots (12)
Scrolls
 c - a scroll of butterflies
 d - 2 scrolls of enchant armour
 e - a scroll of acquirement {unknown}
 g - a scroll of fear {unknown}
 m - a scroll of amnesia
 n - a scroll of summoning
 o - a scroll of vulnerability
 p - a scroll of blinking {unknown}
 q - 2 scrolls of teleportation {unknown}
 s - a scroll of noise {unknown}
Potions
 l - a potion of mutation
 r - a potion of magic {unknown}
 v - a potion of berserk rage {unknown}


   Skills:
 + Level 4.4 Fighting
 + Level 4.0 Long Blades
 + Level 3.2 Armour
 + Level 4.1 Dodging
 * Level 3.5 Spellcasting
 * Level 3.5 Conjurations
 * Level 3.5 Hexes
   Level 0.0 Charms
 * Level 3.5 Summonings
 * Level 3.5 Necromancy
 * Level 3.5 Translocations
   Level 0.0 Transmutations
 * Level 3.5 Fire Magic
 * Level 3.5 Ice Magic
 * Level 3.5 Air Magic
 * Level 3.5 Earth Magic
 * Level 3.5 Alchemy


You knew the following spells:

 Your Spells              Type           Power      Damage    Failure   Level
a - Freeze                Ice            44%        1d6       5%          1
b - Mercury Vapours       Alch/Air       22%        N/A       9%          2
c - Sigil of Binding      Hex            11%        N/A       16%         3
Your spell library was empty.

Dungeon Overview and Level Annotations

Branches:
Dungeon (4/15)
 Temple: D:4-7

Altars:
Uskayaw
Xom

Annotations:
D:4 Grinder


Innate Abilities, Weirdness & Mutations

You are immune to sickness and miasma.
You are immune to poison.
Your flesh is very heat resistant. (rF++)
You are vulnerable to cold. (rC-)
You float through the air rather than walking.
You learn spells naturally, not from books.
Your magical power is your life essence.
You have superior vitality. (+4 MHP)
You possess an exceptional clarity of mind.
You are clumsy. (Dex -2)
Your body sometimes deteriorates upon taking damage.
Your natural rate of healing is unusually fast.
You are resistant to electric shocks. (rElec)
Your muscles are strong. (Str +4, Int/Dex -1)
You have hidden genetic potential.
You occasionally lose the ability to read scrolls when taking damage.
Your movements are slightly less encumbered by armour. (ER -2)
Your health recovers twice as slowly from being drained.


Message History

The jelly hits you.
* * * LOW HITPOINT WARNING * * *
The acid corrodes you!
You are splashed with acid!
* * * LOW HITPOINT WARNING * * *
The river rat attacks as it pursues you!
The river rat completely misses you.
The river rat attacks as it pursues you!
The river rat barely misses you.
You kill the jelly!
You have reached level 8!
You feel clever.
Unknown command.
You closely miss the river rat.
The river rat is moderately wounded.
The river rat barely misses you.
You hit the river rat but do no damage.
The river rat is moderately wounded.
The river rat bites you.
* * * LOW HITPOINT WARNING * * *
Unknown command.
Okay, then.
It was a potion of mutation.
You feel extremely strange.
You feel healthier.
You feel stupid.
You feel yourself wasting away.
You feel a hidden potential growing inside you.
The river rat closely misses you.
It was a potion of curing.
You feel better. The river rat barely misses you.
You hit the river rat but do no damage.
The river rat seems to speed up.
The river rat is moderately wounded.
The river rat barely misses you. The river rat bites you!
* * * LOW HITPOINT WARNING * * *
You hit the river rat but do no damage.
The river rat is moderately wounded.
The river rat barely misses you.
You hit the river rat but do no damage.
The river rat flies into a frenzy!
The river rat is moderately wounded.
The river rat bites you.
* * * LOW HITPOINT WARNING * * *
Your body deteriorates!
You feel dopey. The river rat bites you!
You die...

#.##..##....### . .
####....######...##. #. #....####
###.... #..## #####..##>## ##.##
#....###...†.# #..## ###.#
#.##.....##### ##..# #...#
#.####....# ##.# #####.#.##
#.###..##..#######.####.........
#.##..##.......@r.........###.##
##.#......#....>####.....### #.#
.......########...###......###.##
.##.#### ###.#...###.....##.
.##.### ##...#####.##.##..
.#....# ##..........##.....
##....# ###......##########..
##....#######...####.# ##.
#..[...........# ... #


You could see a neutral river rat (fast, strong, frenzied).

Vanquished Creatures
  Pargi (D:3)
  A scorpion (D:4)
  A vampire bat (D:3)
  A hound (D:4)
  A jelly (D:4)
  2 orc wizards (D:2)
  4 adders
  A dart slug (D:1)
  3 fire bats (D:3)
  2 ribbon worms
  8 orcs
  A spectral bat (D:3)
  6 ball pythons
  3 bat skeletons (D:3)
  3 endoplasms
  2 giant cockroaches (D:1)
  10 goblins
  7 hobgoblins
  3 kobolds
  3 quokkas
  17 bats
  3 frilled lizards (D:1)
  5 rats (D:1)
88 creatures vanquished.

Vanquished Creatures (collateral kills)
  Sigmund (D:3)
1 creature vanquished.

Vanquished Creatures (others)
  Robin (D:3)
  A spectral bat (D:3)
  A bat zombie (D:3)
  A goblin (D:3)
  2 hobgoblins (D:3)
  A bat simulacrum (D:3)
7 creatures vanquished.

Grand Total: 96 creatures vanquished

Notes
Turn   | Place    | Note
-------+----------+-------------------------------------------
     0 | D:1      | Xavori the Djinni Chaos Knight began the quest for the Orb.
     0 | D:1      | Reached XP level 1. HP: 20/20 MP: 0/0
    23 | D:1      | Reached XP level 2. HP: 25/25 MP: 0/0
   157 | D:1      | Reached XP level 3. HP: 30/30 MP: 0/0
   157 | D:1      | Learned a level 1 spell: Freeze
   223 | D:1      | Reached skill level 1 in Spellcasting
   223 | D:1      | Reached skill level 1 in Conjurations
   223 | D:1      | Reached skill level 1 in Hexes
   223 | D:1      | Reached skill level 1 in Summonings
   223 | D:1      | Reached skill level 1 in Necromancy
   223 | D:1      | Reached skill level 1 in Translocations
   223 | D:1      | Reached skill level 1 in Fire Magic
   223 | D:1      | Reached skill level 1 in Ice Magic
   223 | D:1      | Reached skill level 1 in Air Magic
   223 | D:1      | Reached skill level 1 in Earth Magic
   223 | D:1      | Reached skill level 1 in Alchemy
   428 | D:1      | XOM: noise
   647 | D:1      | Reached XP level 4. HP: 33/35 MP: 0/0
  1028 | D:1      | XOM: 10-stop teleportation journey
  1064 | D:1      | XOM: scenery: 1 doors close
  1222 | D:1      | XOM: scenery: summon butterflies
  1229 | D:1      | XOM: divination: detect creatures
  1283 | D:1      | XOM: scenery: 1 doors close
  1552 | D:1      | XOM: cloud trail
  1692 | D:1      | XOM: god gift: triple sword {god gift}
  2514 | D:1      | XOM: scenery: 1 doors open
  3260 | D:1      | XOM: scenery: 1 doors close
  3720 | D:1      | XOM: give mutations
  3720 | D:1      | Gained mutation: Your mind is acute. (Int +4, Str/Dex -1)
                  | [Xom's mischief]
  3720 | D:1      | Gained mutation: You are resistant to electric shocks.
                  | (rElec) [Xom's mischief]
  3988 | D:1      | XOM: 4-stop teleportation journey
  5035 | D:1      | XOM: god gift: scroll labelled ERULES YKIDOIWAOCO {god
                  | gift}
  5379 | D:1      | XOM is BORED!
  5379 | D:1      | XOM: stat loss: -1 Dex (12/13)
  5615 | D:1      | XOM: silly message
  5859 | D:1      | XOM: cloud trail
  6702 | D:1      | XOM: god gift: 34 gold pieces
  6928 | D:1      | XOM: summons 1 hostile shadow creature
  6931 | D:1      | XOM: polymorph frilled lizard -> frilled lizard
  7214 | D:1      | XOM: silly message
  7713 | D:1      | XOM is BORED!
  7853 | D:1      | XOM: summons 2 hostile demons
  8679 | D:1      | XOM: summons 1 hostile shadow creature
  8857 | D:2      | XOM: give mutations
  8857 | D:2      | Gained mutation: Your body sometimes deteriorates upon
                  | taking damage. [Xom's mischief]
  8857 | D:2      | Gained mutation: Your health recovers twice as slowly from
                  | being drained. [Xom's mischief]
  8857 | D:2      | Gained mutation: You occasionally lose the ability to read
                  | scrolls when taking damage. [Xom's mischief]
  8925 | D:2      | XOM: 4-stop teleportation journey
  9265 | D:1      | XOM: summons 4 hostile shadow creatures
  9602 | D:1      | XOM: summons 1 hostile demon
  9638 | D:2      | XOM: 3-stop teleportation journey
  9754 | D:2      | Identified the +0 mace of Prescription {drain, Str+3}
  9755 | D:2      | Found a faded altar of an unknown god.
 10585 | D:2      | XOM: silly message
 10700 | D:2      | XOM: enchant monster (good)
 10701 | D:2      | XOM: noise
 10702 | D:2      | XOM: smoke on damage
 10722 | D:2      | Reached XP level 5. HP: 3/40 MP: 0/0
 10722 | D:2      | Learned a level 2 spell: Mercury Vapours
 10725 | D:2      | HP: 1/40 [something (3)]
 11224 | D:1      | XOM: noise
 11358 | D:1      | XOM: give mutations
 11358 | D:1      | Gained mutation: You are clumsy. (Dex -2) [Xom's mischief]
 11358 | D:1      | Gained mutation: You do not regenerate when monsters are
                  | visible. [Xom's mischief]
 11477 | D:1      | XOM: silly message
 11660 | D:1      | XOM: draining
 11817 | D:1      | XOM: summons 3 hostile demons
 11930 | D:2      | XOM: god gift: javelin
 12423 | D:1      | XOM: give mutations
 12423 | D:1      | Gained mutation: Your movements are slightly less
                  | encumbered by armour. (ER -2) [Xom's grace]
 12423 | D:1      | Gained mutation: Your muscles are strong. (Str +4, Int/Dex
                  | -1) [Xom's grace]
 12423 | D:1      | Gained mutation: You possess an exceptional clarity of
                  | mind. [Xom's grace]
 12423 | D:1      | Lost mutation: You do not regenerate when monsters are
                  | visible. [Xom's grace]
 12423 | D:1      | Gained mutation: Your natural rate of healing is unusually
                  | fast. [Xom's grace]
 12531 | D:3      | Noticed Pargi
 12546 | D:3      | XOM: noise
 12557 | D:3      | Killed Pargi
 12558 | D:3      | Reached XP level 6. HP: 41/44 MP: 0/0
 12688 | D:3      | XOM: confuse monster(s)
 12779 | D:3      | Noticed Sigmund
 12786 | D:3      | XOM: summons 6 friendly demons
 12788 | D:3      | Killed Sigmund
 12789 | D:3      | Reached XP level 7. HP: 50/52 MP: 0/0
 12789 | D:3      | Learned a level 3 spell: Sigil of Binding
 12811 | D:3      | Found a hide-covered altar of Uskayaw.
 12919 | D:3      | XOM: silly message
 12939 | D:3      | Noticed Robin
 12943 | D:3      | Killed Robin
 12943 | D:3      | XOM: destruction
 13223 | D:4      | Noticed Grinder
 13227 | D:4      | XOM: 1-stop teleportation journey
 13384 | D:4      | Found a shimmering altar of Xom.
 13402 | D:4      | XOM: polymorph ball python -> river rat
 13414 | D:4      | Reached XP level 8. HP: 11/58 MP: 0/0
 13416 | D:4      | Lost mutation: Your body sometimes deteriorates upon taking
                  | damage. [potion of mutation]
 13416 | D:4      | Lost mutation: Your mind is acute. (Int +4, Str/Dex -1)
                  | [potion of mutation]
 13416 | D:4      | Gained mutation: Your body sometimes deteriorates upon
                  | taking damage. [potion of mutation]
 13416 | D:4      | Gained mutation: You have hidden genetic potential. [potion
                  | of mutation]
 13420 | D:4      | Slain by a river rat

Illustrated notes

Levels and vault maps discovered:
D:1:      erik_arrival_cave_to_civilisation [erik_arrival_cave_to_hall],
          layout_loops_corners
D:2:      layout_loops_ring, hellmonk_ecumenical_altar_prayer_group
D:3:      layout_basic, nicolae_overflow_hidden_temple, goddamned_bats,
          uniq_sigmund, uniq_robin, uniq_pargi
D:4:      layout_rooms, kennysheep_little_box, lemuel_round_altar,
          guppyfry_early_orc_mine, uniq_grinder

Skill      XL: |  1  2  3  4  5  6  7 |
---------------+----------------------+-----
Spellcasting   | 1 2 3 |  3.5
Conjurations   | 1 2 3 |  3.5
Hexes          | 1 2 3 |  3.5
Summonings     | 1 2 3 |  3.5
Necromancy     | 1 2 3 |  3.5
Translocations | 1 2 3 |  3.5
Fire Magic     | 1 2 3 |  3.5
Ice Magic      | 1 2 3 |  3.5
Air Magic      | 1 2 3 |  3.5
Earth Magic    | 1 2 3 |  3.5
Alchemy        | 1 2 3 |  3.5
Long Blades    | 3 4 |  4.0
Armour         | 2 3 |  3.2
Dodging        | 3 4 |  4.1
Fighting       | 4 |  4.4

Action                     |  1- 3 |  4- 6 |  7- 9 || total
---------------------------+-------+-------+-------++-------
  Melee: Falchion          |    71 |   138 |   168 ||   377
  Evoke: Wand              |       |       |     2 ||     2
    Use: Scroll            |     1 |     1 |     3 ||     5
         Potion            |       |     1 |     3 ||     4
   Stab: Petrified         |       |     3 |       ||     3
         Confused          |       |     1 |       ||     1
 Armour: Leather armour    |    61 |   116 |   143 ||   320
  Dodge: Dodged            |    61 |   112 |   191 ||   364

Table legend: (Time is in decaauts)
 A = Elapsed time spent in this place.
 B = Non-inter-level travel time spent in this place.
 C = Inter-level travel time spent in this place.
 D = Time resting spent in this place.
 E = Time spent auto-exploring this place.
 F = Levels seen in this place.
 G = Mean time per level.
                   A        B        C        D        E       F      G
               +--------+--------+--------+--------+--------+-----+--------+
         Total |  13479 |  13101 |    378 |  10188 |   2147 |   4 | 3369.8 |
       Dungeon |  13479 |  13101 |    378 |  10188 |   2147 |   4 | 3369.8 |
               +--------+--------+--------+--------+--------+-----+--------+

Top non-repeatable levels by time:
     D:1: 10210 daAuts
     D:2: 2251 daAuts
     D:3: 773 daAuts
     D:4: 243 daAuts
